 Dungeon Crawl Stone Soup version 0.31-a0-1612-g4aaf141004 (webtiles) character file.

Game seed: 11210058528434622525

6 Dirtsage the Changeling (level 1, -1/13 HPs)
             Began as an Octopode Shapeshifter on Jan 9, 2024.
             Slain by a jackal (2 damage)
             ... on level 1 of the Dungeon.
             The game lasted 00:00:23 (199 turns).

Dirtsage the Changeling (Octopode Shapeshifter)      Turns: 199, Time: 00:00:24

Health: -1/13      AC:  1    Str: 19    XL:     1   Next: 90%
Magic:  1/1        EV: 13    Int: 12    God:
Gold:   3          SH:  0    Dex: 11    Spells: 0/0 levels left

rFire   . .          .
                       - Unarmed
rCold   . . .        (no shield)
rNeg    . . .        (helmet currently unavailable)
rPois   .            (no amulet)
rElec   .            f - +6 ring of strength
rCorr   .            (no ring)
SInv    .            (no ring)
Will    .....        (no ring)
Stlth   ++           (no ring)
HPRegen 0.22/turn    (no ring)
MPRegen 0.07/turn    (no ring)
                     (no ring)

%: no passive effects
@: beast-form
A: beast (slay +1), almost no armour, amphibious, 8 rings, camouflage 1,
gelatinous body 1, (nimble swimmer 1), tentacles
a: Begin Untransformation


You were on level 1 of the Dungeon.
You were a hulking beast.
You visited 1 branch of the dungeon, and saw 1 of its levels.

You collected 3 gold pieces.

Inventory:

Jewellery
 f - a +6 ring of strength (left tentacle)
Talismans
 b - a beast talisman
 c - a flux talisman
Scrolls
 e - a scroll of blinking {unknown}
Potions
 a - a potion of lignification
 d - a potion of haste {unknown}


   Skills:
 + Level 1.1 Fighting
 + Level 2.1 Dodging
 + Level 3.0 Unarmed Combat
 * Level 3.1 Shapeshifting


You couldn't memorise any spells.
You didn't know any spells.
Your spell library contained the following spells:

 Spells                   Type           Power      Damage    Failure   Level
 Static Discharge         Conj/Air       0%         3-3/arc   45%         2
 Airstrike                Air            0%         2d(0-16)  97%         4
 Summon Lightning Spire   Summ/Air       0%         N/A       97%         4


Dungeon Overview and Level Annotations

Branches:
Dungeon (1/15)

Altars:


Innate Abilities, Weirdness & Mutations

You are a hulking beast.
Your limbs bulge with bestial killing power. (Slay +1)
You cannot wear most types of armour.
You are amphibious.
You can wear up to eight rings at the same time.
Your skin changes colour to match your surroundings (Stealth+).
Your rubbery body absorbs attacks. (AC +1, EV +1)
((You are camouflaged when in or above water. (Stealth+)))
You have tentacles for arms and can constrict up to eight enemies at once.


Message History

The helpless bat fails to defend itself.
You bludgeon the bat!
You kill the bat!
No target in view! 2 ball pythons come into view.
You barely miss the ball python. Your grab misses the ball python.
The ball python completely misses you. The ball python misses you.
You tentacle-slap the ball python. Your grab misses the ball python.
The ball python is severely wounded.
The ball python closely misses you. The ball python barely misses you.
You tentacle-slap the ball python.
You kill the ball python!
A jackal comes into view.
A jackal comes into view.
A jackal comes into view.
The helpless ball python fails to defend itself.
You tentacle-slap the ball python.
You kill the ball python!
A quokka comes into view.
The jackal barks!
The jackal barks!
The jackal closely misses you.
You closely miss the jackal. Your grab misses the jackal. The jackal bites you.
You take 2 damage, and have 11/13 hp.
You closely miss the jackal. Your grab misses the jackal.
Your squeeze misses the jackal. The jackal bites you.
You take 3 damage, and have 8/13 hp.
MASSIVE DAMAGE!!
You are too injured to fight recklessly!
You are too injured to fight recklessly!
The jackal bites you. x2
You take 3 damage, and have 5/13 hp.
MASSIVE DAMAGE!!
The jackal attacks as it pursues you! The jackal bites you.
* * * LOW HITPOINT WARNING * * *
You take 2 damage, and have 3/13 hp.
The jackal attacks as it pursues you! The jackal completely misses you.
The jackal attacks as it pursues you! The jackal bites you.
* * * LOW HITPOINT WARNING * * *
You take 3 damage, and have 1/13 hp.
MASSIVE DAMAGE!!
The jackal attacks as it pursues you! The jackal bites you.
You die...

#...# #....#.# ..
#...#####..#.##.#
#........†......#
#..######..#.##.#
#.. #...#.#####
#.. ...#.......#
..######.###.# .
. #.# # #.#h#
.###
###.#.#h###....
........h.....#
#####.#h.......
#.#.r...... #
#.†?.....
#........
#........
#........


You could see a quokka and 3 jackals.

Vanquished Creatures
  2 ball pythons (D:1)
  A giant cockroach (D:1)
  A goblin (D:1)
  A bat (D:1)
  A rat (D:1)
6 creatures vanquished.

Notes
Turn   | Place    | Note
-------+----------+-------------------------------------------
     0 | D:1      | Dirtsage the Octopode Shapeshifter began the quest for the
                  | Orb.
     0 | D:1      | Reached XP level 1. HP: 13/13 MP: 1/1
   199 | D:1      | Slain by a jackal

Illustrated notes

Levels and vault maps discovered:
D:1:      scummos_arrival_star, layout_basic

Action                     || total
---------------------------++-------
  Melee: Unarmed           ||    11
         Constrict         ||     2
   Stab: Sleeping          ||     2
 Armour: Skin              ||     8
  Dodge: Dodged            ||     7

Table legend: (Time is in decaauts)
 A = Elapsed time spent in this place.
 B = Non-inter-level travel time spent in this place.
 C = Inter-level travel time spent in this place.
 D = Time resting spent in this place.
 E = Time spent auto-exploring this place.
 F = Levels seen in this place.
 G = Mean time per level.
                   A        B        C        D        E       F      G
               +--------+--------+--------+--------+--------+-----+--------+
         Total |    198 |    198 |      0 |      0 |    159 |   1 |  198.0 |
       Dungeon |    198 |    198 |      0 |      0 |    159 |   1 |  198.0 |
               +--------+--------+--------+--------+--------+-----+--------+

Top non-repeatable levels by time:
     D:1: 198 daAuts
